 Dungeon Sprint DCSS version 0.27.1 (webtiles) character file.

Game seed: 9145843508017048265

4288 styxcanada the Imperceptible (level 10, -5/53 HPs)
             Began as a Spriggan Brigand on Aug 27, 2021.
             Was an Initiate of Gozag.
             Killed from afar by an oklob plant shifter (13 damage)
             ... with a splash of acid
             ... in the Dungeon (Sprint IV: "Fedhas' Mad Dash").
             The game lasted 00:09:09 (1214 turns).

styxcanada the Imperceptible (Spriggan Brigand)     Turns: 1214, Time: 00:09:09

Health: -5/53      AC:  4    Str: 11    XL:     10   Next: 10%
Magic:  11/11      EV: 25    Int: 14    God:    Gozag
Gold:   952        SH:  8    Dex: 19    Spells: 9/9 levels left

rFire    + + .     SeeInvis +   t - +8 falchion of Ofejur {drain, rElec rPois rF++ Str+4}
rCold    + . .     Faith    .   n - +0 buckler
rNeg     . . .     Spirit   .   s - +0 robe "Uraseoca" {Harm rC+ Slay+2}
rPois    +         Reflect  .   (helmet restricted)
rElec    +         Harm     +   c - +1 cloak
rCorr    .         Rampage  .   (gloves unavailable)
Will     +....     NoTele   +   (boots unavailable)
Stlth    +++++++++.             m - amulet of invisibility {+Inv}
HPRegen  0.17/turn              (no ring)
MPRegen  0.12/turn              (no ring)

@: very slightly contaminated, invisible, very quick
A: very small, no large weapons, unfitting armour, see invisible, speed 3
a: Renounce Religion, Evoke Invisibility, Potion Petition, Call Merchant, Bribe
Branch


You were in the Dungeon.
You worshipped Gozag.
Gozag was pleased with you.
You visited 1 branch You collected 1789 gold pieces.
You spent 837 gold pieces at shops.

Inventory:

Hand Weapons
 a - a +2 dagger
 r - a +0 dagger of draining
 t - the +8 falchion of Ofejur (weapon) {drain, rElec rPois rF++ Str+4}
   (You found it in the Dungeon)

   A truly terrible weapon, it drains the life of any living foe it strikes.
   Str:       It affects your strength (+4).
   rF:        It greatly protects you from fire.
   rElec:     It insulates you from electricity.
   rPois:     It protects you from poison.
Missiles
 d - 8 poisoned darts (quivered)
 e - a curare-tipped dart
 l - 32 stones
Armour
 c - a +1 cloak (worn)
 n - a +0 buckler (worn)
 s - the +0 robe "Uraseoca" (worn) {Harm rC+ Slay+2}
   (You bought it in a shop in the Dungeon)

   Slay:      It affects your accuracy & damage with ranged weapons and melee
   (+2).
   rC:        It protects you from cold.
   Harm:      It increases damage dealt and taken.
Jewellery
 b - the amulet "Gyuceman" {Reflect Harm rPois Int+2 SH+5}
   (You bought it in a shop in the Dungeon)

   [amulet of reflection]

   It reflects blocked missile attacks.
   Int:       It affects your intelligence (+2).
   rPois:     It protects you from poison.
   SH:        It affects your SH (+5).
   Harm:      It increases damage dealt and taken.
 m - the amulet of invisibility (around neck) {+Inv}
   (You found it in the Dungeon)

   [amulet of nothing]

   +Inv:      It lets you turn invisible.
Scrolls
 k - a scroll of blinking
Potions
 f - 4 potions of curing
 g - 5 potions of heal wounds
 h - a potion of haste
 i - 2 potions of magic
 j - a potion of berserk rage
 o - 2 potions of lignification
 p - a potion of cancellation
 q - a potion of mutation {unknown}


   Skills:
 * Level 6.7 Fighting
 + Level 6.5(6.6) Short Blades
 + Level 0.5(3.1) Long Blades
 + Level 5.1 Throwing
 * Level 10.3 Dodging
 * Level 23.1 Stealth
 * Level 5.0 Shields
 * Level 10.9 Evocations


You had 9 spell levels left.
You didn't know any spells.
Your spell library contained the following spells:

 Spells                   Type           Power      Damage    Failure   Level
 Sandblast                Erth           0%         2d4       32%         1
 Passwall                 Tmut/Erth      0%         N/A       45%         2
 Lee's Rapid Deconstruct  Erth           0%         3d5*      100%        5


Dungeon Overview and Level Annotations

Branches:
Dungeon (1/1)

Altars:
Cheibriados
Dithmenos
Elyvilon
Gozag
Hepliaklqana
Kikubaaqudgha
Makhleb
Nemelex Xobeh
Okawaru
Qazlal
Ru
Sif Muna
Trog
Uskayaw
Vehumet
Wu Jian
Xom
Yredelemnul
Zin
The Shining One
Beogh
Jiyva
Lugonu

Shops:
D *!([

Annotations:
D exclusion: oklob plant


Innate Abilities, Weirdness & Mutations

You are very small and have problems with some larger weapons.
You are too small for most types of armour.
You have supernaturally acute eyesight. (SInv)
You cover ground extremely quickly. (Speed+++)


Message History

The oklob plant summoner mumbles some strange words.
You strike the helpless oklob plant summoner from behind!
You slash the oklob plant summoner!
The oklob plant summoner is almost destroyed.
The scorpion completely misses you.
You hit the oklob plant summoner.
You destroy the oklob plant summoner!
The scorpion dissolves into shadows! x2
The oklob plant shifter is distracted by your dazzling golden aura.
Your Stealth skill increases to level 23!
Your Shields skill increases to level 5!
You see here 54 gold pieces.
You hit the oklob plant shifter.
The oklob plant shifter is no longer distracted by gold.
The oklob plant shifter is lightly damaged.
You hit the oklob plant shifter.
The oklob plant shifter is lightly damaged.
You hit the oklob plant shifter but do no damage.
The oklob plant shifter is lightly damaged.
You hit the oklob plant shifter but do no damage.
The oklob plant shifter is lightly damaged.
The oklob plant shifter stares at you and mumbles some strange words.
You blink.
The oklob plant shifter stares at something and mumbles some strange words.
You blink.
You see here a potion of berserk rage.
You see here a +0 ring mail.
The oklob plant shifter casts a spell at something.
You see here a +0 war axe.
You hit the oklob plant shifter.
The oklob plant shifter is moderately damaged.
The oklob plant shifter spits acid at you.
The splash of acid hits you.
You are splashed with acid!
* * * LOW HITPOINT WARNING * * *
You hit the oklob plant shifter.
The oklob plant shifter is heavily damaged.
The oklob plant shifter spits acid at you.
The splash of acid hits you!
You die...
Your body crumbles into a pile of gold.

######################
_._.⌠.#..'..)#....##∩#
._._..'..#...#[...'[)#
_._...#..###'##.[)##∩#$$
._._..#..##∩∩.'...####
_._.⌠.#############
###########..$.?[#
♣.###.'..'.....!@+
.♣##..#..#......P#
).###.##+##.P.$..#
.♣'...# ######## #######


You could see an oklob plant shifter.

Vanquished Creatures
  A spriggan druid (D)
  5 oklob plants (D)
  3 wandering mushrooms (D)
  3 burning bushes (D)
  A queen bee (D)
  3 scorpions (D)
  4 killer bees (D)
  5 oklob saplings (D)
  2 spriggans (D)
  A river rat (D)
  A rat (D)
  A ballistomycete spore (D)
30 creatures vanquished.

Vanquished Creatures (others)
  A fungus (D)
1 creature vanquished.

Grand Total: 31 creatures vanquished

Notes
Turn   | Place    | Note
-------+----------+-------------------------------------------
     0 | D        | styxcanada the Spriggan Brigand began the quest for the
                  | Orb.
     0 | D        | Reached XP level 1. HP: 10/10 MP: 2/2
     9 | D        | Reached skill level 8 in Stealth
     9 | D        | Reached XP level 2. HP: 15/15 MP: 3/3
    50 | D        | Noticed an oklob sapling
    52 | D        | Killed an oklob sapling
    53 | D        | Reached skill level 10 in Stealth
    53 | D        | Reached XP level 3. HP: 18/18 MP: 4/4
   154 | D        | Noticed a scorpion
   154 | D        | Found the amulet of invisibility {+Inv}
   156 | D        | Killed a scorpion
   157 | D        | Reached skill level 12 in Stealth
   157 | D        | Reached XP level 4. HP: 23/23 MP: 5/5
   180 | D        | Found an opulent altar of Gozag.
   180 | D        | Found a hazy altar of Hepliaklqana.
   180 | D        | Found a burning altar of Makhleb.
   180 | D        | Found a sparkling altar of Nemelex Xobeh.
   180 | D        | Found a snail-covered altar of Cheibriados.
   180 | D        | Found a sacrificial altar of Ru.
   180 | D        | Found a shimmering blue altar of Sif Muna.
   180 | D        | Found a shimmering altar of Xom.
   180 | D        | Found a basalt altar of Yredelemnul.
   181 | D        | Found a viscous altar of Jiyva.
   181 | D        | Found a bloodstained altar of Trog.
   181 | D        | Found an ornate altar of the Wu Jian Council.
   182 | D        | Found an iron altar of Okawaru.
   182 | D        | Found a shadowy altar of Dithmenos.
   182 | D        | Found a glowing silver altar of Zin.
   183 | D        | Found an ancient bone altar of Kikubaaqudgha.
   183 | D        | Found a hide-covered altar of Uskayaw.
   184 | D        | Found a stormy altar of Qazlal.
   184 | D        | Found a white marble altar of Elyvilon.
   184 | D        | Found a glowing golden altar of the Shining One.
   185 | D        | Became a worshipper of Gozag Ym Sagoz the Greedy
   186 | D        | Found a corrupted altar of Lugonu.
   186 | D        | Found a radiant altar of Vehumet.
   190 | D        | Reached skill level 13 in Stealth
   190 | D        | Reached XP level 5. HP: 28/28 MP: 3/6
   240 | D        | Reached skill level 5 in Dodging
   240 | D        | Reached skill level 14 in Stealth
   240 | D        | Reached skill level 1 in Evocations
   296 | D        | Reached skill level 15 in Stealth
   330 | D        | Reached skill level 1 in Shields
   330 | D        | Reached XP level 6. HP: 32/32 MP: 7/7
   462 | D        | Found Souxiwyi's Distillery.
   462 | D        | Found Xidyron's Assorted Antiques.
   468 | D        | Bought a fizzy inky potion for 27 gold pieces
   468 | D        | Bought a fuming blue potion for 27 gold pieces
   468 | D        | Bought a scroll labelled NEHEUR QAACWU for 31 gold pieces
   468 | D        | Bought a scroll labelled BUARUSIOHA for 31 gold pieces
   469 | D        | Bought 2 potions of heal wounds for 100 gold pieces
   469 | D        | Bought 2 potions of curing for 60 gold pieces
   576 | D        | Noticed a burning bush
   576 | D        | Noticed a wandering mushroom
   577 | D        | Noticed a wandering mushroom
   580 | D        | Killed a burning bush
   581 | D        | Reached skill level 17 in Stealth
   581 | D        | Killed a wandering mushroom
   582 | D        | Reached skill level 18 in Stealth
   582 | D        | Reached skill level 5 in Evocations
   582 | D        | Reached XP level 7. HP: 38/38 MP: 5/8
   582 | D        | Killed a wandering mushroom
   583 | D        | Reached skill level 5 in Short Blades
   585 | D        | Reached skill level 19 in Stealth
   585 | D        | Reached XP level 8. HP: 42/42 MP: 5/9
   597 | D        | Found Casoxauz's Antique Armour Emporium.
   597 | D        | Found Efenn's Antique Weapon Shoppe.
   602 | D        | Bought a glowing dagger for 105 gold pieces
   604 | D        | Bought a silken robe for 171 gold pieces
   604 | D        | Identified the +0 robe "Uraseoca" {Harm rC+ Slay+2} (You
                  | bought it in a shop in the Dungeon)
   673 | D        | Noticed a queen bee
   679 | D        | Reached skill level 5 in Fighting
   686 | D        | Killed a queen bee
   687 | D        | Reached skill level 20 in Stealth
   767 | D        | Bought a potion of lignification for 30 gold pieces
   767 | D        | Bought a potion of heal wounds for 50 gold pieces
   767 | D        | Bought a potion of heal wounds for 50 gold pieces
   768 | D        | Bought a pitted tin amulet for 155 gold pieces
   768 | D        | Identified the amulet "Gyuceman" {Reflect Harm rPois Int+2
                  | SH+5} (You bought it in a shop in the Dungeon)
   807 | D        | Noticed an oklob plant
   810 | D        | Killed an oklob plant
   874 | D        | Noticed a burning bush
   877 | D        | Killed a burning bush
   878 | D        | Reached XP level 9. HP: 48/48 MP: 7/10
   940 | D        | Noticed a burning bush
   940 | D        | Noticed an oklob plant
   941 | D        | Noticed a wandering mushroom
   942 | D        | Killed a burning bush
   943 | D        | Reached skill level 21 in Stealth
   947 | D        | Killed an oklob plant
   948 | D        | Reached skill level 5 in Throwing
   951 | D        | Killed a wandering mushroom
   952 | D        | Reached skill level 22 in Stealth
   954 | D        | Identified the +8 falchion of Ofejur {drain, rElec rPois
                  | rF++ Str+4}
  1023 | D        | Noticed a spriggan druid
  1026 | D        | Killed a spriggan druid
  1027 | D        | Reached skill level 10 in Evocations
  1105 | D        | Noticed an oklob plant conjurer
  1107 | D        | Killed an oklob plant conjurer
  1108 | D        | Reached skill level 10 in Dodging
  1186 | D        | Noticed an oklob plant
  1186 | D        | Noticed an oklob plant summoner
  1187 | D        | Noticed an oklob plant shifter
  1195 | D        | Killed an oklob plant
  1196 | D        | Reached XP level 10. HP: 53/53 MP: 9/11
  1201 | D        | Killed an oklob plant summoner
  1202 | D        | Reached skill level 23 in Stealth
  1202 | D        | Reached skill level 5 in Shields
  1214 | D        | Killed from afar by an oklob plant shifter

Illustrated notes

Levels and vault maps discovered:
D:        dungeon_sprint_fedhas [sprint_temple]

Skill      XL: |  1  2  3  4  5  6  7  8  9 10 |
---------------+-------------------------------+-----
Dodging        | 2 3 4 5 7 8 10 | 10.3
Stealth        | 8 10 12 13 15 18 19 20 22 23 | 23.1
Fighting       | 2 3 4 5 6 |  6.7
Short Blades   | 3 4 5 6 |  6.5
Evocations     | 2 5 8 10 | 10.9
Throwing       | 3 4 5 |  5.1
Shields        | 1 2 3 4 5 |  5.0
Long Blades    | |  0.5

Action                   |  1- 3 |  4- 6 |  7- 9 | 10-12 || total
-------------------------+-------+-------+-------+-------++-------
Melee: Dagger            |     7 |     6 |    17 |       ||    30
       Falchion          |       |       |    10 |    11 ||    21
Throw: Dart              |       |    10 |       |       ||    10
 Abil: Evoke Invisibilit |       |     3 |     7 |       ||    10
  Use: Scroll            |       |     2 |     1 |       ||     3
 Stab: Sleeping          |     3 |     5 |    13 |       ||    21
       Invisible         |       |       |     8 |     2 ||    10
Armor: Robe              |     1 |       |     1 |       ||     2
Dodge: Dodged            |     1 |     3 |     8 |     1 ||    13
Block: Buckler           |       |       |     3 |     1 ||     4
